 Dungeon Crawl Stone Soup version 0.28.0-53-g5a82cb258f (webtiles) character file.

Game seed: 2947741817989478639

89761 DocClef the Slayer (level 15, -11/158 HPs)
             Began as a Yellow Draconian Fighter on June 15, 2022.
             Was an Elder of Okawaru.
             Killed from afar by a will-o-the-wisp (21 damage)
             ... with a foxfire
             ... on level 1 of the Swamp.
             The game lasted 00:44:12 (25711 turns).

DocClef the Slayer (Yellow Draconian Fighter)      Turns: 25711, Time: 00:44:13

Health: -11/158    AC: 14    Str: 33    XL:     15   Next: 50%
Magic:  19/23      EV: 24    Int:  9    God:    Okawaru [****..]
Gold:   2612       SH:  8    Dex: 17    Spells: 14/14 levels left

rFire   . . .      SeeInvis .   m - +8 dagger "Jigyschyr" {spect, rPois rCorr Str+5}
rCold   . . .      Faith    .   b - +0 buckler
rNeg    . . .      Spirit   .   (armour unavailable)
rPois   +          Reflect  .   O - +3 hat of the Sea {-Cast rElec Regen+ Int-2}
rElec   +          Harm     .   h - +2 cloak
rCorr   +          Rampage  .   k - +1 pair of gloves {Str+3}
Will    +....      NoCast   +   L - +0 pair of boots of Moschathru {Int+2}
Stlth   +++.......              (no amulet)
HPRegen 1.16/turn               D - +4 ring of evasion
MPRegen 0.18/turn               y - +6 ring of dexterity

@: short of breath, heroic, finesse-ful, corroded
A: spit acid, AC +9, unfitting armour, acidic bite, cold-blooded, acid
resistance
a: Breathe Acid, Renounce Religion, Heroism, Finesse


You were on level 1 of the Swamp.
You worshipped Okawaru.
Okawaru was greatly pleased with you.
You visited 5 branches of the dungeon, and saw 23 of its levels.

You collected 2612 gold pieces.

Inventory:

Hand Weapons
 m - the +8 dagger "Jigyschyr" (weapon) {spect, rPois rCorr Str+5}
   (You found it on level 3 of the Dungeon)

   When its wielder attacks, the weapon's spirit leaps out and strikes again.
   The spirit shares a part of any damage it takes with its wielder.
   Str:       It affects your strength (+5).
   rPois:     It protects you from poison.
   rCorr:     It protects you from acid and corrosion.
 T - a +7 quick blade of chaos
Armour
 b - a +0 buckler (worn)
 h - a +2 cloak (worn)
 k - a +1 pair of gloves of strength (worn)
 L - the +0 pair of boots of Moschathru (worn) {Int+2}
   (Okawaru gifted it to you on level 1 of the Lair of Beasts)

   Int:       It affects your intelligence (+2).
 O - the +3 hat of the Sea (worn) {-Cast rElec Regen+ Int-2}
   (Okawaru gifted it to you on level 6 of the Lair of Beasts)

   Int:       It affects your intelligence (-2).
   rElec:     It insulates you from electricity.
   -Cast:     It prevents spellcasting.
   Regen:     It increases your rate of health regeneration.
Jewellery
 q - a ring of positive energy
 w - a ring of positive energy
 y - a +6 ring of dexterity (right hand)
 D - a +4 ring of evasion (left hand)
 G - a ring of poison resistance
 R - a ring of ice
Wands
 v - a wand of iceblast (29)
 z - a wand of digging (7)
 A - a wand of mindburst (17)
 F - a wand of polymorph (11)
 N - a wand of flame (10)
 P - a wand of acid (4)
Scrolls
 a - 5 scrolls of identify
 g - 3 scrolls of enchant weapon
 j - 6 scrolls of amnesia
 l - 9 scrolls of teleportation
 o - 4 scrolls of holy word
 u - 2 scrolls of immolation
 x - a scroll of vulnerability
 M - a scroll of magic mapping
Potions
 c - 5 potions of might
 d - a potion of magic {unknown}
 e - 4 potions of heal wounds
 f - 4 potions of resistance
 i - a potion of flight {unknown}
 n - 9 potions of curing
 p - 4 potions of lignification
 r - a potion of berserk rage
 s - 7 potions of mutation
 t - 2 potions of ambrosia
 B - 3 potions of brilliance
 E - 4 potions of haste
 H - a potion of attraction {unknown}
 K - 2 potions of invisibility {unknown}
 Q - a potion of cancellation
 S - a potion of experience {unknown}


   Skills:
 + Level 21.0(26.0) Fighting
 - Level 11.2(16.2) Short Blades
 - Level 2.0(7.0) Axes
 - Level 9.1(14.1) Dodging
 - Level 11.1(16.1) Shields
 - Level 11.1 Invocations


You had 14 spell levels left.
You didn't know any spells.
Your spell library contained the following spells:

 Spells                   Type           Power      Damage    Failure   Level
 Apportation              Tloc           0%         N/A       41%         1
 Shock                    Conj/Air       0%         1d3       41%         1
 Sublimation of Blood     Necr           0%         N/A       56%         2
 Portal Projectile        Hex/Tloc       0%         N/A       80%         3
 Swiftness                Air            0%         N/A       80%         3
 Teleport Other           Tloc           0%         N/A       80%         3
 Airstrike                Air            0%         N/A       99%         4
 Leda's Liquefaction      Hex/Erth       0%         N/A       99%         4
 Petrify                  Tmut/Erth      0%         N/A       99%         4
 Irradiate                Conj/Tmut      0%         3d13      100%        5
 Lee's Rapid Deconstruct  Erth           0%         3d5*      100%        5
 Statue Form              Tmut/Erth      0%         N/A       100%        6
 Call Canine Familiar     Summ           Unusable   N/A       N/A         3
 Summon Ice Beast         Ice/Summ       Unusable   N/A       N/A         4

Dungeon Overview and Level Annotations

Branches:
Dungeon (13/15)            Temple (1/1) D:5            Lair (6/6) D:9
  Swamp (1/4) Lair:4       Spider (0/4) Lair:2        Slime (0/5) Lair:6
    Orc (2/2) D:12            Elf (0/3) Orc:2
 Vaults: D:13-14

Altars:
Ashenzari
Cheibriados
Dithmenos
Elyvilon
Fedhas
Gozag
Hepliaklqana
Kikubaaqudgha
Makhleb
Nemelex Xobeh
Okawaru
Qazlal
Ru
Sif Muna
Trog
Uskayaw
Vehumet
Wu Jian
Xom
Yredelemnul
Zin
The Shining One
Beogh

Shops:
Orc:1 :   Orc:2 ([(*

Portals:
Trove: D:10 (give 18 potions of curing)

Annotations:
D:10 3 runed translucent doors, Brotato's ghost, journeyman DjCj
D:12 3 runed translucent doors, exclusion: obsidian statue, ZoeForever1's ghost, journeyman PaFi


Innate Abilities, Weirdness & Mutations

You can spit globs of acid.
Your golden yellow scales are hard. (AC +9)
You cannot fit into any form of body armour.
You have acidic saliva.
You are cold-blooded and may be slowed by cold attacks.
You are resistant to acid. (rCorr)


Message History

Okawaru accepts your kill. The goliath frog hits you from afar!
* * * LOW HITPOINT WARNING * * *
The acid corrodes you!
You are splashed with acid.
You resist.
* * * LOW HITPOINT WARNING * * *
Your base Fighting skill increases to level 21!
You hit the hornet.
The hornet is severely wounded.
Your +8 dagger "Jigyschyr" {spect, rPois rCorr Str+5} misses the hornet.
You barely miss the hornet.
You tail-slap the hornet, but do no damage.
The hornet is severely wounded.
Your +8 dagger "Jigyschyr" {spect, rPois rCorr Str+5} barely misses the hornet.
The foxfire hits you but does no damage.
The hornet misses you.
You closely miss the hornet. Your bite misses the hornet.
The hornet is severely wounded.
Your +8 dagger "Jigyschyr" {spect, rPois rCorr Str+5} hits the hornet!
The foxfire hits you!!
* * * LOW HITPOINT WARNING * * *
Unknown command.
You hit the hornet but do no damage.
The hornet is almost dead.
Your +8 dagger "Jigyschyr" {spect, rPois rCorr Str+5} hits the hornet!
You kill the hornet!
Okawaru accepts your kill. The goliath frog closely misses you.
You puncture the swamp worm!
The swamp worm is moderately wounded.
Your +8 dagger "Jigyschyr" {spect, rPois rCorr Str+5} hits the swamp worm.
The will-o-the-wisp gestures.
The will-o-the-wisp conjures some foxfire!
The swamp worm completely misses you. 2 foxfires come into view.
You feel much better. The foxfire hits you!
* * * LOW HITPOINT WARNING * * *
The goliath frog completely misses you. The swamp worm bites you.
* * * LOW HITPOINT WARNING * * *
The foxfire hits you!!
You die...

...≈≈≈.... .§
.≈.≈≈≈≈..♣♣≈♣♣ ♣♣♣♣
.≈≈≈≈..≈...≈♣ ≈..♣♣
♣.≈..≈≈≈≈..♣♣.≈§≈♣
♣.≈≈§≈≈...♣..≈≈.♣
♣.≈≈≈..^§v.§≈≈≈(♣
♣.≈≈≈F.§§§§.≈≈.≈♣
♣..)).§§§§....≈♣♣
≈≈≈.≈.≈♣@w§≈.≈♣≈♣♣♣
..♣≈§.♣♣§v≈≈≈..♣♣
♣.../....≈≈<.♣
♣...≈..≈..†.♣♣
♣≈...≈≈.≈♣♣♣♣♣
♣...≈≈§≈♣♣
♣≈.§≈≈.♣♣ .≈≈≈..
.....♣


You could see a goliath frog, a will-o-the-wisp and a swamp worm.

Vanquished Creatures
  Rupert (D:12)
  3 orc warlords (Arena)
  A stone giant (Orc:1)
  A spark wasp (shapeshifter) (D:13)
  Snorg (Orc:2)
  An ettin (Orc:1)
  Erolcha (Orc:2)
  8 hydras
  The ghost of Brotato the Fighter, a journeyman DjCj of Gozag (D:9)
  2 boulder beetles
  A centaur warrior (D:13)
  Erica (D:9)
  3 catoblepae (Lair:6)
  A dancing weapon (D:9)
  A two-headed ogre (D:7)
  A death knight (D:13)
  2 orc high priests
  13 death yaks
  A tengu warrior (D:10)
  A spriggan berserker (Swamp:1)
  3 spriggans (Swamp:1)
  A skeletal warrior (D:12)
  A glowing orange brain (D:10)
  2 orc knights
  An oklob plant (Lair:5)
  4 ugly things (D:10)
  4 orc sorcerers
  3 manticores
  15 cyclopes
  8 slime creatures (D:12)
  An elephant (D:9)
  3 gargoyles
  3 black mambas
  A rime drake (shapeshifter) (D:8)
  13 cane toads
  10 rime drakes
  A tengu conjurer (D:10)
  A freezing wraith (D:13)
  12 komodo dragons
  6 trolls
  A merfolk (shapeshifter) (D:10)
  2 polar bears
  4 hornets
  A raiju (shapeshifter) (D:13)
  5 dream sheep (Lair:3)
  21 blink frogs
  4 shadows
  Sigmund (D:5)
  A meliai zombie (D:11)
  4 wraiths
  11 wyverns
  7 basilisks
  45 yaks
  11 vampire mosquitoes
  7 wargs
  A swamp worm (Swamp:1)
  5 acid dragons
  Duvessa (D:7)
  12 water moccasins
  2 black bears
  34 orc warriors
  A sky beast (D:5)
  7 ice beasts
  A necrophage (D:7)
  11 ogres
  20 wolves
  12 centaurs
  2 phantoms
  2 kobold brigands (D:9)
  9 scorpions
  A gnoll sergeant (D:9)
  10 bullfrogs
  A wyvern skeleton (D:7)
  Dowan (D:7)
  5 killer bees (D:8)
  5 wights (D:6)
  2 howler monkeys
  An electric eel (D:12)
  3 centaur zombies
  6 hounds
  23 orc priests
  A bullfrog skeleton (D:4)
  A centaur skeleton (D:7)
  5 jellies
  30 orc wizards
  19 hell rats
  A killer bee zombie (D:7)
  A hound zombie (D:3)
  A mummy (D:6)
  A hound skeleton (D:3)
  A howler monkey zombie (D:10)
  11 gnolls
  7 adders
  A howler monkey skeleton (D:5)
  2 white imps
  2 ufetubi
  2 adder skeletons (D:3)
  3 worms
  2 dart slugs (D:4)
  87 orcs
  6 bats
  9 endoplasms
  2 giant cockroaches
  6 goblins
  8 hobgoblins
  6 quokkas
  8 ball pythons
  2 frilled lizards
  10 kobolds
  2 quokka skeletons (D:3)
  A quokka zombie (D:3)
  7 rats
686 creatures vanquished.

Vanquished Creatures (others)
  2 orcs
  9 foxfires (Swamp:1)
  36 fungi
  45 plants
  A withered plant (D:3)
93 creatures vanquished.

Grand Total: 779 creatures vanquished

Notes
Turn   | Place    | Note
-------+----------+-------------------------------------------
     0 | D:1      | DocClef the Draconian Fighter began the quest for the Orb.
     0 | D:1      | Reached XP level 1. HP: 19/19 MP: 1/1
   388 | D:1      | Reached XP level 2. HP: 26/27 MP: 2/2
   403 | D:1      | Reached skill level 4 in Fighting
   922 | D:1      | Reached XP level 3. HP: 34/34 MP: 3/3
  1293 | D:2      | Found a faded altar of an unknown god.
  1387 | D:2      | Reached skill level 5 in Fighting
  1863 | D:3      | Reached XP level 4. HP: 40/42 MP: 4/4
  2100 | D:3      | Noticed an ogre
  2109 | D:3      | Killed an ogre
  2110 | D:3      | Reached skill level 6 in Fighting
  2110 | D:3      | Reached XP level 5. HP: 20/51 MP: 5/5
  2112 | D:3      | Identified the +8 dagger "Jigyschyr" {spect, rPois rCorr
                  | Str+5}
  2562 | D:4      | Reached skill level 7 in Fighting
  2573 | D:4      | Reached XP level 6. HP: 52/60 MP: 6/6
  2804 | D:4      | Reached skill level 8 in Fighting
  3259 | D:5      | Entered Level 5 of the Dungeon
  3289 | D:5      | Your scales start taking on a golden yellow colour.
  3289 | D:5      | Reached XP level 7. HP: 54/69 MP: 7/7
  3289 | D:5      | Gained mutation: You are resistant to acid. (rCorr) [Yellow
                  | Draconian growth]
  3411 | D:5      | Reached skill level 9 in Fighting
  3812 | D:5      | Reached skill level 10 in Fighting
  3855 | D:5      | Found a staircase to the Ecumenical Temple.
  3855 | D:5      | Noticed Sigmund
  3863 | D:5      | Killed Sigmund
  3864 | D:5      | Reached XP level 8. HP: 78/81 MP: 8/8
  3871 | Temple   | Entered the Ecumenical Temple
  3938 | Temple   | Became a worshipper of Warmaster Okawaru
  4167 | D:6      | Reached skill level 11 in Fighting
  4808 | D:6      | Reached skill level 12 in Fighting
  4833 | D:6      | Found an opulent altar of Gozag.
  4838 | D:6      | Reached * piety under Okawaru
  4865 | D:6      | Found a snail-covered altar of Cheibriados.
  5173 | D:7      | Reached skill level 13 in Fighting
  5173 | D:7      | Reached XP level 9. HP: 87/93 MP: 9/9
  5189 | D:6      | Reached ** piety under Okawaru
  5564 | D:7      | Found a shadowy altar of Dithmenos.
  5595 | D:7      | Noticed a two-headed ogre
  5603 | D:7      | Killed a two-headed ogre
  5604 | D:7      | Reached skill level 14 in Fighting
  5607 | D:7      | Reached *** piety under Okawaru
  5620 | D:7      | Reached skill level 15 in Fighting
  5782 | D:7      | Found a broken altar of Ashenzari.
  5785 | D:7      | Noticed Dowan
  5786 | D:7      | Noticed Duvessa
  5792 | D:7      | Killed Dowan
  5793 | D:7      | Reached skill level 1 in Short Blades
  5798 | D:7      | Killed Duvessa
  6115 | D:7      | Found an ornate altar of the Wu Jian Council.
  6253 | D:7      | Found an ancient bone altar of Kikubaaqudgha.
  6524 | D:8      | Reached XP level 10. HP: 105/105 MP: 10/10
  6684 | D:8      | Received a gift from Okawaru
  6685 | D:8      | Reached skill level 5 in Short Blades
  6909 | D:8      | Found a bloodstained altar of Trog.
  6957 | D:8      | Identified the +0 robe "Bittegik" {Int+4}
  7154 | D:8      | Found a glowing golden altar of the Shining One.
  7641 | D:9      | Reached **** piety under Okawaru
  7901 | D:9      | Found a staircase to the Lair.
  7901 | D:9      | Noticed an elephant
  7931 | D:9      | Killed an elephant
  8229 | D:9      | Found a runed translucent door.
  8230 | D:9      | Found a shimmering altar of Xom.
  8230 | D:9      | Noticed Brotato's ghost (journeyman DjCj)
  8230 | D:9      | Noticed a +2 long sword of chaos
  9103 | D:10     | Entered Level 10 of the Dungeon
  9130 | D:10     | Found a runed translucent gate.
  9131 | D:10     | Found a runed translucent gate.
  9131 | D:10     | Found a runed translucent gate.
  9131 | D:10     | Noticed a brown ugly thing
  9132 | D:10     | Noticed a glowing orange brain
  9132 | D:10     | Noticed a purple ugly thing
  9133 | D:10     | Noticed a white ugly thing
  9134 | D:10     | Noticed a green ugly thing
  9140 | D:10     | Noticed a mana viper
  9140 | D:10     | a swamp worm changed into a mana viper
  9150 | D:10     | Noticed a tengu warrior
  9162 | D:10     | Killed a tengu warrior
  9162 | D:10     | Reached ***** piety under Okawaru
  9587 | D:10     | Found a burning altar of Makhleb.
  9645 | D:10     | Reached skill level 10 in Short Blades
  9649 | D:10     | Reached XP level 11. HP: 95/112 MP: 11/11
  9956 | D:10     | Found a portal to a secret trove of treasure.
 10097 | D:10     | Received a gift from Okawaru
 10507 | Lair:1   | Entered Level 1 of the Lair of Beasts
 10522 | Lair:1   | Noticed Erica
 10554 | D:9      | Killed Erica
 11034 | Lair:1   | Reached skill level 5 in Dodging
 11039 | Lair:1   | Identified the +0 pair of boots of Moschathru {Int+2}
                  | (Okawaru gifted it to you on level 1 of the Lair of Beasts)
 11039 | Lair:1   | Received a gift from Okawaru
 11677 | Lair:2   | Noticed a six-headed hydra
 11692 | Lair:2   | Killed a six-headed hydra
 12307 | Lair:2   | Found a hole to the Spider Nest.
 12731 | Lair:3   | Reached XP level 12. HP: 114/119 MP: 12/12
 13369 | Lair:3   | Noticed a death yak
 13369 | Lair:3   | Noticed a death yak
 13377 | Lair:3   | Noticed a death yak
 13378 | Lair:3   | Noticed a death yak
 13381 | Lair:3   | Noticed a death yak
 13386 | Lair:3   | Killed a death yak
 13399 | Lair:3   | Killed a death yak
 13400 | Lair:3   | Reached skill level 5 in Shields
 13587 | Lair:3   | Identified the +5 rapier "Zufret" {vorpal, rF+} (Okawaru
                  | gifted it to you on level 3 of the Lair of Beasts)
 13587 | Lair:3   | Received a gift from Okawaru
 14690 | Lair:3   | Killed a death yak
 14696 | Lair:3   | Killed a death yak
 14710 | Lair:3   | Killed a death yak
 15420 | Lair:4   | Found a staircase to the Swamp.
 15486 | Lair:4   | Received a gift from Okawaru
 15492 | Lair:4   | Reached skill level 10 in Shields
 16000 | Lair:4   | Reached XP level 13. HP: 126/126 MP: 13/13
 16519 | Lair:5   | Identified the +10 flail "Keujudagh" {vorpal, Str+5}
 16535 | Lair:5   | Found a shimmering altar of Xom.
 16632 | Lair:5   | Reached skill level 1 in Invocations
 16971 | Lair:5   | Reached skill level 5 in Invocations
 18125 | Lair:6   | Entered Level 6 of the Lair of Beasts
 18528 | Lair:6   | Reached ****** piety under Okawaru
 18662 | Lair:6   | Identified the +3 hat of the Sea {-Cast rElec Regen+ Int-2}
                  | (Okawaru gifted it to you on level 6 of the Lair of Beasts)
 18662 | Lair:6   | Received a gift from Okawaru
 18733 | Lair:6   | Reached skill level 10 in Invocations
 19527 | Lair:6   | Gained mutation: You have acidic saliva. [Yellow Draconian
                  | growth]
 19527 | Lair:6   | Reached XP level 14. HP: 110/135 MP: 15/22
 19736 | Lair:6   | Identified the +2 pair of boots of Dogmatism {rC+ Str-5
                  | Int+4} (Okawaru gifted it to you on level 6 of the Lair of
                  | Beasts)
 19736 | Lair:6   | Received a gift from Okawaru
 19880 | Lair:6   | Found a staircase to the Slime Pits.
 20005 | Lair:6   | Reached skill level 16 in Fighting
 20499 | D:11     | Identified the +10 long sword of Slow Death {distort, rCorr
                  | Int+4 Dex-2}
 21015 | D:12     | Found a bloodstained altar of Trog.
 21015 | D:12     | Noticed Rupert
 21037 | D:12     | Killed Rupert
 21227 | D:12     | Found a runed translucent gate.
 21227 | D:12     | Found a runed translucent gate.
 21227 | D:12     | Found an opulent altar of Gozag.
 21228 | D:12     | Found a runed translucent gate.
 21232 | D:12     | Noticed ZoeForever1's ghost (journeyman PaFi)
 21272 | D:12     | Reached skill level 17 in Fighting
 21374 | D:12     | Found a staircase to the Orcish Mines.
 22225 | D:13     | Reached skill level 18 in Fighting
 22472 | D:9      | Killed Brotato's ghost
 22579 | D:10     | Received a gift from Okawaru
 22586 | D:10     | Found a runed translucent gate.
 22586 | D:10     | Found a runed translucent gate.
 22590 | D:10     | Found a runed translucent gate.
 22595 | D:10     | Noticed Brotato's ghost (journeyman DjCj)
 22774 | Orc:1    | Entered Level 1 of the Orcish Mines
 23072 | Orc:1    | Reached skill level 19 in Fighting
 23199 | Orc:1    | Reached XP level 15. HP: 121/152 MP: 23/23
 23252 | Orc:1    | Found the +0 staff of Battle
 23304 | Orc:1    | Identified the +0 dagger of Ashenzari's Respect {vamp, rN+}
 23358 | Orc:1    | Found the +6 lightning scales {swift, rElec}
 23372 | Orc:1    | Got Zutwotz's Almanac of Displaced Snow
 23728 | Orc:2    | Entered Level 2 of the Orcish Mines
 23729 | Orc:2    | Noticed Snorg
 23752 | Orc:2    | Killed Snorg
 23976 | Orc:2    | Noticed an orc warlord
 23991 | Arena    | Entered the Arena
 24009 | Arena    | Killed an orc warlord
 24018 | Orc:2    | Paralysed by an orc sorcerer for 6 turns
 24213 | Orc:2    | Noticed an orc warlord
 24223 | Arena    | Entered the Arena
 24233 | Arena    | Killed an orc warlord
 24234 | Arena    | Reached skill level 20 in Fighting
 24492 | Orc:2    | Found a staircase to the Elven Halls.
 24690 | Orc:2    | Noticed Erolcha
 24698 | Orc:2    | Killed Erolcha
 24885 | Orc:2    | Found Naynasua's Assorted Antiques.
 24969 | Orc:2    | Noticed an orc warlord
 24974 | Arena    | Entered the Arena
 24987 | Arena    | Killed an orc warlord
 24995 | Arena    | Entered the Arena
 25020 | Orc:2    | Found Gijuaqianu's Antique Armour Shop.
 25052 | Orc:2    | Found Idyjato's Antique Weapon Boutique.
 25256 | Orc:2    | Found Geuhutz's Antique Weapon Shop.
 25397 | Orc:1    | Found Remaerua's Book Boutique.
 25660 | Swamp:1  | Entered Level 1 of the Swamp
 25706 | Swamp:1  | Reached skill level 21 in Fighting
 25711 | Swamp:1  | Killed from afar by a will-o-the-wisp

Illustrated notes

Levels and vault maps discovered:
D:1:      dpeg_cavernosity, layout_basic
D:2:      layout_rooms, basic_ecumenical_altar
D:3:      layout_loops_corners, serial_undead, serial_undead_b, serial_undead_b,
          serial_undead_f, serial_undead_a, hangedman_abyss_or_decor_stabs
D:4:      layout_rooms
D:5:      layout_basic, minmay_temple_entry_gardened_gates, uniq_sigmund
D:6:      layout_cave_pools, nicolae_gozag_seed_capital, slow_altar_1,
          kennysheep_generic_room_6
D:7:      layout_rooms, grunt_dithmenos_smoke, cheibrodos_ashenzari_chains,
          mainiacjoe_overflow_big_doors, uniq_duvessa
D:8:      minmay_klotski, layout_basic, lemuel_tele_altar,
          nicolae_overflow_crystal_walls
D:9:      layout_cave_pods, david_lair_generic, ebering_ghost_xom
D:10:     layout_long_grid, mainiacjoe_overflow_catwalk,
          ploomutoo_gammafunk_ghost_potion_laboratory, enter_trove_0,
          special_room [special_room_orc]
D:11:     layout_small_grid, kennysheep_small_circle
D:12:     layout_rooms, orc_0_dummy, ebering_ghost_gozag, serial_ice,
          serial_ice_f, serial_ice_n, serial_ice_h, serial_ice_c, serial_ice_e,
          serial_ice_d, serial_ice_g, serial_ice_l, bloody_trog, uniq_rupert
D:13:     gammafunk_beogh_shrine, layout_basic, kennysheep_generic_room_15
Temple:   nicolae_temple_god_jail
Lair:1:   layout_cave_pods, eino_small_chamber_without_monster, uniq_erica
Lair:2:   layout_cave_shapes, nicolae_spider_entry_non_spiders,
          serial_bayou_shore_a, grunt_megastairs_3
Lair:3:   beast_lair_carwin_large_4, layout_cave_pods
Lair:4:   layout_cave_pods, swamp_mist, minmay_lair_drake_nest,
          grunt_megastairs_5, uniq_urug
Lair:5:   layout_roguey, special_room [special_room_mythical_zoo],
          lemuel_oklob_altar
Lair:6:   evilmike_catoblepas_cave, layout_gridlike,
          nicolae_slime_entry_slimehenge, nicolae_lair_grove_arrangements,
          lemuel_old_faithful
Swamp:1:  layout_basic_swamp, infiniplex_staircase_pool, nicolae_swamp_oxbows
Orc:1:    giant_chief_lemuel, layout_caves, serial_shops, nicolae_square_shop
Orc:2:    grunt_orc_community_town_hall, layout_caves,
          grunt_orc_community_big_house_2, grunt_orc_community_big_house_2,
          grunt_orc_community_house_1, grunt_orc_community_house_1,
          grunt_orc_community_house_2, grunt_orc_community_house_2, uniq_snorg,
          uniq_erolcha

Skill      XL: |  1  2  3  4  5  6  7  8  9 10 11 12 13 14 15 |
---------------+----------------------------------------------+-----
Fighting       | 4 5 6 7 8 10 13 15 19 21 | 21.0
Short Blades   | 4 10 11 | 11.2
Dodging        | 8 9 |  9.1
Shields        | 10 11 | 11.1
Invocations    | 11 | 11.1
Axes           | |  2.0

Action                   |  1- 3 |  4- 6 |  7- 9 | 10-12 | 13-15 || total
-------------------------+-------+-------+-------+-------+-------++-------
Melee: War axe           |   100 |    29 |       |       |       ||   129
       Tailslap          |    10 |    10 |    22 |   108 |   309 ||   459
       Dagger            |       |    70 |   154 |   590 |  1397 ||  2211
       Bite              |       |       |       |       |   194 ||   194
Invok: Heroism           |       |       |     2 |    12 |    22 ||    36
       Finesse           |       |       |       |       |    12 ||    12
       Duel              |       |       |       |       |     4 ||     4
 Abil: Breathe Acid      |       |       |     4 |     8 |    20 ||    32
Evoke: Wand              |       |       |       |     1 |       ||     1
  Use: Scroll            |       |       |       |    22 |     5 ||    27
       Potion            |       |       |       |       |     1 ||     1
 Stab: Sleeping          |     4 |     1 |       |       |     4 ||     9
       Distracted        |       |     1 |     1 |     4 |    35 ||    41
Armor: Skin              |    43 |    41 |    59 |   101 |   214 ||   458
Dodge: Dodged            |    68 |    49 |    73 |   271 |   740 ||  1201
Block: Buckler           |    21 |    15 |    36 |    98 |   317 ||   487
